 Dungeon Crawl Stone Soup version 0.29-a0-838-g385bb11a5b (webtiles) character file.

Game seed: 3022557195554269835

544 Zonian the Chiller (level 7, -3/46 HPs)
             Began as a Demonspawn Ice Elementalist on July 14, 2022.
             Was an Initiate of Hepliaklqana.
             Slain by Blork the orc
             ... wielding a +2 battleaxe of flaming
              (11 damage)
             ... on level 4 of the Dungeon.
             The game lasted 00:11:27 (7073 turns).

Zonian the Chiller (Demonspawn Ice Elementalist)    Turns: 7073, Time: 00:11:27

Health: -3/46      AC:  8    Str:  8      XL:     7   Next: 6%
Magic:  10/13      EV: 13    Int: 17      God:    Hepliaklqana [......]
Gold:   33         SH:  0    Dex: 13 (15) Spells: 8/15 levels left

rFire   x . .      SeeInvis .   u - +6 dagger "Eviscerator" {chaos, Contam rElec rCorr Stlth+}
rCold   + . .      Faith    .   (no shield)
rNeg    . . .      Spirit   .   a - +0 robe
rPois   .          Reflect  .   (no helmet)
rElec   +          Harm     .   (no cloak)
rCorr   +          Rampage  .   (no gloves)
Will    .....                   (no boots)
Stlth   +++.......              (no amulet)
HPRegen 0.15/turn               i - +4 ring of evasion
MPRegen 0.13/turn               k - ring of ice

@: grasped by roots, sanguine armoured, freezing walls, constricted
A: hooves 2, sanguine armour 1
a: Renounce Religion


You were on level 4 of the Dungeon.
You worshipped Hepliaklqana.
Hepliaklqana was noncommittal.
You visited 2 branches of the dungeon, and saw 5 of its levels.

You collected 243 gold pieces.
You spent 210 gold pieces at shops.

Inventory:

Hand Weapons
 d - a +2 dagger of venom
 r - a +1 flail of draining
 u - the +6 dagger "Eviscerator" (weapon) {chaos, Contam rElec rCorr Stlth+}
   (You bought it in a shop on level 4 of the Dungeon)

   Each time it hits an enemy it has a different, random effect.
   rElec:     It insulates you from electricity.
   Contam:    It causes magical contamination when unequipped.
   rCorr:     It protects you from acid and corrosion.
   Stlth:     It makes you more stealthy.
Missiles
 q - 15 poisoned darts
Armour
 a - a +0 robe (worn)
Jewellery
 g - a ring of flight
 i - a +4 ring of evasion (left hand)
 k - a ring of ice (right hand)
Scrolls
 e - a scroll of immolation
 f - 2 scrolls of teleportation
Potions
 b - 2 potions of magic
 c - a potion of heal wounds {unknown}
 h - a potion of ambrosia {unknown}
 j - a potion of mutation {unknown}
 l - 2 potions of cancellation {unknown}
 m - a potion of degeneration {unknown}
 n - 2 potions of flight {unknown}
 o - a potion of curing
 p - a potion of might {unknown}
 s - a potion of attraction {unknown}
 t - a potion of brilliance {unknown}


   Skills:
 - Level 1.5 Short Blades
 - Level 2.6 Dodging
 - Level 2.6 Stealth
 + Level 4.5 Spellcasting
 + Level 5.5 Ice Magic
 + Level 1.0 Invocations


You had 8 spell levels left.
You knew the following spells:

 Your Spells              Type           Power      Damage    Failure   Level
a - Freeze                Ice            100%       1d11      1%          1
b - Frozen Ramparts       Ice            68%        1d8       4%          3
c - Ozocubu's Armour      Ice            34%        N/A       4%          3

Your spell library contained the following spells:

 Spells                   Type           Power      Damage    Failure   Level
 Hailstorm                Conj/Ice       19%        3d6       43%         4
 Metabolic Englaciation   Hex/Ice        9%         N/A       80%         5
 Summon Forest            Summ/Tloc      1%         N/A       99%         5
 Eringya's Noxious Bog    Tmut/Pois      1%         N/A       100%        6
 Simulacrum               Ice/Necr       9%         N/A       100%        6
 Summon Hydra             Summ           1%         N/A       100%        7


Dungeon Overview and Level Annotations

Branches:
Dungeon (4/15)             Temple (1/1) D:4

Altars:
Dithmenos
Fedhas
Hepliaklqana
Makhleb
Nemelex Xobeh
Okawaru
Qazlal
Ru
Sif Muna
Uskayaw
Vehumet
Wu Jian
Yredelemnul

Shops:
D:2 *   D:4 (

Annotations:
D:4 Blork the orc


Innate Abilities, Weirdness & Mutations

You have hoof-like feet.
When seriously injured, your blood forms armour. (AC +6)


Message History

There is a fountain of clear blue water here.
You see here 6 stones.
Blork the orc comes into view.
He is wielding a +2 battleaxe of flaming and carrying a wand of roots (9).
Blork the orc is nearby!
Unknown command.
Blork the orc shouts!
Blork the orc mumbles some strange words.
Blork the orc seems to speed up.
You hit Blork the orc but do no damage. Blork the orc closely misses you.
You barely miss Blork the orc. You kick Blork the orc.
Blork the orc is lightly wounded.
Blork the orc zaps a wand.
The roots erupt in riotous growth!
The grasping roots grab you!
Blork the orc is unaffected.
The grasping roots constrict you.
Unknown command.
Casting: Frozen Ramparts (dangerous; 4% risk of failure)
Confirm with . or Enter, or press ? or * to list all spells.
Casting: Frozen Ramparts (dangerous; 4% risk of failure)
Press: ? - help, Dir - look around, f - activate You feel a surge of power!
The walls around you are covered in ice.
The wall freezes Blork the orc.
Blork the orc hits you with a +2 battleaxe of flaming!
Blork the orc burns you.
Your blood congeals into armour.
The grasping roots constrict you.
The wall freezes Blork the orc.
Blork the orc hits you with a +2 battleaxe of flaming!
* * * LOW HITPOINT WARNING * * *
Blork the orc burns you!
* * * LOW HITPOINT WARNING * * *
The grasping roots constrict you.
* * * LOW HITPOINT WARNING * * *
You feel better.
The wall freezes Blork the orc.
Blork the orc barely misses you. The grasping roots constrict you.
* * * LOW HITPOINT WARNING * * *
You hit Blork the orc.
Blork the orc is poisoned.
Your kick misses Blork the orc.
Blork the orc is heavily wounded.
The wall freezes Blork the orc.
Blork the orc hits you with a +2 battleaxe of flaming!
You die...

#########.#
#####..####..#.......
#...§...#.# #..####..#.......
#...≈§§.#.#######..##.'..'###+##
....§≈§[#...........#.#..#.+...+
###.....#########.#...#..#.#...#
##.##.# #...#.+##'†#._.# #.##.##
########..#.#...# #.....#
#o.....#..#.'...+ ###...# #@#
+..'###+### ####...#######.#
#..#....... ###.........#.(..#
#..#....... ..............####
###'###+### ###.........###
#.......# ####...#### #.#######
#...# #.# #...# #.# #...######
#.#


You could see Blork the orc (fast, very poisoned).

Vanquished Creatures
  Edmund (D:4)
  An ogre (D:4)
  A jelly (D:4)
  A quasit (D:4)
  Jessica (D:2)
  Terence (D:3)
  An iguana (D:4)
  An orc wizard (D:3)
  2 adders
  3 shadow imps
  4 white imps (D:4)
  6 ufetubi
  A worm (D:3)
  2 dart slugs
  5 orcs (D:3)
  7 endoplasms
  3 giant cockroaches
  7 goblins
  2 hobgoblins
  4 jackals (D:1)
  8 kobolds
  5 quokkas
  2 ball pythons
  4 bats
  9 rats
82 creatures vanquished.

Vanquished Creatures (others)
  4 demonic plants (D:4)
  A fungus (D:1)
5 creatures vanquished.

Grand Total: 87 creatures vanquished

Notes
Turn   | Place    | Note
-------+----------+-------------------------------------------
     0 | D:1      | Zonian the Demonspawn Ice Elementalist began the quest for
                  | the Orb.
     0 | D:1      | Reached XP level 1. HP: 13/13 MP: 3/3
   311 | D:1      | Gained mutation: You have large cloven feet. [demonic
                  | ancestry]
   311 | D:1      | Reached XP level 2. HP: 18/19 MP: 5/5
   695 | D:1      | Reached XP level 3. HP: 24/24 MP: 6/6
  1308 | D:1      | Found a faded altar of an unknown god.
  1512 | D:2      | Found Ygoenevu's Assorted Antiques.
  1584 | D:2      | Noticed Jessica
  1589 | D:2      | Killed Jessica
  1590 | D:2      | Reached skill level 4 in Ice Magic
  1625 | D:2      | Gained mutation: When seriously injured, your blood forms
                  | armour. (AC +6) [demonic ancestry]
  1625 | D:2      | Reached XP level 4. HP: 20/30 MP: 4/7
  2571 | D:3      | Noticed Terence
  3023 | D:3      | Killed Terence
  3913 | D:3      | Gained mutation: You have hoof-like feet. [demonic
                  | ancestry]
  3913 | D:3      | Reached XP level 5. HP: 12/35 MP: 7/9
  4596 | D:4      | Noticed an ogre
  4784 | D:4      | Noticed Edmund
  5224 | D:3      | Learned a level 3 spell: Frozen Ramparts
  5228 | D:3      | Learned a level 3 spell: Ozocubu's Armour
  5689 | D:4      | Killed Edmund
  5690 | D:4      | Reached skill level 1 in Short Blades
  5690 | D:4      | Reached skill level 5 in Ice Magic
  5690 | D:4      | Reached XP level 6. HP: 25/41 MP: 8/12
  6275 | D:4      | Found a staircase to the Ecumenical Temple.
  6289 | Temple   | Entered the Ecumenical Temple
  6511 | Temple   | Became a worshipper of Hepliaklqana the Forgotten
  6679 | D:4      | Reached XP level 7. HP: 40/46 MP: 13/13
  6930 | D:4      | Reached skill level 1 in Invocations
  6995 | D:4      | Found Dozar's Antique Weapon Shoppe.
  7004 | D:4      | Bought a transparent dagger for 210 gold pieces
  7004 | D:4      | Identified the +6 dagger "Eviscerator" {chaos, Contam rElec
                  | rCorr Stlth+} (You bought it in a shop on level 4 of the
                  | Dungeon)
  7066 | D:4      | Noticed Blork the orc
  7073 | D:4      | Slain by Blork the orc

Illustrated notes

Levels and vault maps discovered:
D:1:      reono_arrival_mine, layout_basic,
          dreamdust_ecumenical_altar_hidden_monk_grotto
D:2:      layout_basic, serial_shops, shop, dreamdust_princess_bridge,
          uniq_jessica
D:3:      layout_loops_ring, dreamdust_wishing_well, uniq_terence
D:4:      layout_loops_ring, mainiacjoe_overflow_24_doors,
          minmay_temple_entry_drinking_statues, serial_shops,
          nicolae_lakefront_shop, serial_demonic, serial_demonic_g,
          serial_demonic_a, serial_demonic_f, serial_demonic_a,
          serial_demonic_d, serial_demonic_a, serial_demonic_e, uniq_edmund,
          uniq_blork_the_orc
Temple:   regret_index_temple_generic_petals

Skill      XL: |  1  2  3  4  5  6  7 |
---------------+----------------------+-----
Dodging        | 2 |  2.6
Stealth        | 2 |  2.6
Ice Magic      | 4 5 |  5.5
Spellcasting   | 3 4 |  4.5
Short Blades   | 1 |  1.5
Invocations    | 1 |  1.0

Action                   |  1- 3 |  4- 6 |  7- 9 || total
-------------------------+-------+-------+-------++-------
Melee: Dagger            |    57 |   123 |     3 ||   183
       Kick              |     8 |    39 |     2 ||    49
       Punch             |       |     4 |       ||     4
       Flail             |       |    34 |     6 ||    40
 Cast: Freeze            |     9 |    22 |       ||    31
       Frozen Ramparts   |       |     1 |     1 ||     2
  Use: Scroll            |       |     8 |       ||     8
       Potion            |       |     2 |     1 ||     3
 Stab: Sleeping          |     5 |     4 |       ||     9
Armor: Robe              |     7 |    44 |       ||    51
Dodge: Dodged            |    29 |   197 |    12 ||   238

Table legend: (Time is in decaauts)
 A = Elapsed time spent in this place.
 B = Non-inter-level travel time spent in this place.
 C = Inter-level travel time spent in this place.
 D = Time resting spent in this place.
 E = Time spent auto-exploring this place.
 F = Levels seen in this place.
 G = Mean time per level.
                   A        B        C        D        E       F      G
               +--------+--------+--------+--------+--------+-----+--------+
         Total |   7088 |   6812 |    276 |   2109 |   3764 |   5 | 1417.6 |
       Dungeon |   6830 |   6590 |    240 |   2109 |   3573 |   4 | 1707.5 |
        Temple |    258 |    222 |     36 |      0 |    191 |   1 |  258.0 |
               +--------+--------+--------+--------+--------+-----+--------+

Top non-repeatable levels by time:
     D:3: 2504 daAuts
     D:4: 1689 daAuts
     D:1: 1463 daAuts
     D:2: 1172 daAuts
  Temple: 258 daAuts
